 Dungeon Crawl Stone Soup version 0.30-b1-2-g02819fbbbe (webtiles) character file.

Game seed: 17597965400302373294

2429 Alarkh the Martial Artist (level 9, -1/66 HPs)
             Began as a Demonspawn Delver on May 22, 2023.
             Was a Priest of Uskayaw.
             Slain by an orc warrior
             ... wielding a +0 glaive
              (14 damage)
             ... on level 7 of the Dungeon.
             The game lasted 00:13:06 (6587 turns).

Alarkh the Martial Artist (Demonspawn Delver)       Turns: 6587, Time: 00:13:07

Health: -1/66      AC: 18    Str: 12    XL:     9   Next: 24%
Magic:  12/12      EV: 11    Int: 18    God:    Uskayaw [***...]
Gold:   219        SH:  4    Dex: 25    Spells: 8/8 levels left

rFire   . .          .
                       - Unarmed
rCold   . . .        (no shield)
rNeg    . . .        d - +4 scale mail of the Guild-Master {rElec}
rPois   .            D - +0 helmet
rElec   +            y - +0 cloak of Lightning Storm {Rampage Int+3 Dex+3}
rCorr   .            A - +1 pair of gloves of Distant Worlds {Stlth+}
SInv    .            (no boots)
Will    .....        (no amulet)
Stlth   ++++         l - +6 ring of dexterity
HPRegen 0.31/turn    C - +4 ring of protection
MPRegen 0.13/turn

%: rampage
@: no status effects
A: powered by death 2, sturdy frame 2, condensation shield, weakness stinger 2
a: Renounce Religion, Stomp, Line Pass


You were on level 7 of the Dungeon.
You worshipped Uskayaw.
Uskayaw was noncommittal.
You visited 2 branches of the dungeon, and saw 8 of its levels.

You collected 334 gold pieces.
You spent 115 gold pieces at shops.

Inventory:

Armour
 d - the +4 scale mail of the Guild-Master (worn) {rElec}
   (You found it on level 3 of the Dungeon)

   rElec:     It insulates you from electricity.
 x - +0 steam dragon scales
 y - the +0 cloak of Lightning Storm (worn) {Rampage Int+3 Dex+3}
   (You found it on level 5 of the Dungeon)

   Int:       It affects your intelligence (+3).
   Dex:       It affects your dexterity (+3).
   Rampage:   It bestows one free step when moving towards enemies.
 A - the +1 pair of gloves of Distant Worlds (worn) {Stlth+}
   (You found it on level 6 of the Dungeon)

   Stlth:     It makes you more stealthy.
 D - a +0 helmet (worn)
Jewellery
 l - a +6 ring of dexterity (left hand)
 t - a ring of resist corrosion
 u - a ring of wizardry
 C - a +4 ring of protection (right hand)
 E - a ring of ice
Wands
 a - a wand of flame (18)
 f - a wand of digging (3)
Scrolls
 b - 4 scrolls of fog
 c - 3 scrolls of vulnerability
 h - a scroll of blinking
 i - a scroll of silence
 k - a scroll of brand weapon {unknown}
 n - a scroll of teleportation
 o - a scroll of immolation
 q - a scroll of poison
 r - a scroll of identify
 s - a scroll of summoning
Potions
 e - 3 potions of brilliance
 j - 2 potions of haste
 m - a potion of resistance
 p - a potion of attraction
 w - 2 potions of heal wounds
 B - 2 potions of might
 F - a potion of ambrosia {unknown}
 G - a potion of flight


   Skills:
 + Level 4.4 Fighting
 - Level 1.7 Dodging
 - Level 4.5 Stealth
 * Level 10.8 Unarmed Combat
 + Level 4.0 Invocations


You had 8 spell levels left.
You didn't know any spells.
Your spell library contained the following spells:

 Spells                   Type           Power      Damage    Failure   Level
 Necrotise                Necr           0%         1d4       38%         1
 Call Canine Familiar     Summ           0%         N/A       77%         3
 Portal Projectile        Hex/Tloc       0%         N/A       77%         3
 Vampiric Draining        Necr           0%         2d6       77%         3
 Leda's Liquefaction      Hex/Erth       0%         N/A       99%         4
 Agony                    Necr           0%         N/A       100%        5


Dungeon Overview and Level Annotations

Branches:
Dungeon (7/15)             Temple (1/1) D:6

Altars:
Ashenzari
Cheibriados
Dithmenos
Fedhas
Gozag
Hepliaklqana
Kikubaaqudgha
Makhleb
Nemelex Xobeh
Qazlal
Ru
Sif Muna
Trog
Uskayaw
Vehumet
Wu Jian
Xom
Yredelemnul

Shops:
D:1 =   D:7 !*:

Annotations:
D:6 Eustachio


Innate Abilities, Weirdness & Mutations

You regenerate health from kills.
Your movements are less encumbered by armour. (ER -4)
A meltable shield of frost defends you. (SH +4)
You have a tail ending in a sharp stinger.


Message History

The orc warrior hits you but does no damage.
You hit the orc wizard.
You tail-slap the orc wizard, but do no damage.
The orc wizard is heavily wounded.
The orc wizard hits you but does no damage.
The orc warrior hits you with a +0 glaive.
You punch the orc wizard!
The orc wizard is almost dead.
You miss the orc wizard.
The orc wizard is almost dead.
The orc wizard barely misses you. The orc warrior barely misses you.
You punch the orc wizard!
You kill the orc wizard!
The orc warrior hits you with a +0 glaive.
You closely miss the orc warrior. You tail-slap the orc warrior.
The orc warrior is severely wounded.
The orc warrior hits you with a +0 glaive!
Uskayaw will force your foes to helplessly watch your dance.
You closely miss the orc warrior.
You tail-slap the orc warrior, but do no damage.
The orc warrior is severely wounded.
You block the orc warrior's attack.
You hit the orc warrior.
The orc warrior is severely wounded.
You closely miss the orc warrior.
You punch the orc warrior, but do no damage.
The orc warrior is severely wounded.
The orc warrior barely misses you.
You hit the orc warrior but do no damage.
You tail-slap the orc warrior, but do no damage.
The orc warrior is severely wounded.
The orc warrior hits you with a +0 glaive.
You barely miss the orc warrior.
The orc warrior is severely wounded.
The orc warrior hits you with a +0 glaive!
* * * LOW HITPOINT WARNING * * *
You hit the orc warrior.
The orc warrior is severely wounded.
The orc warrior hits you with a +0 glaive!
You die...

.......................#
.......................#
.......................#
.......................#
######'##.....####.....#
........+.....#..#.....#
........#.....#..#)....#
#..####.#.....##)#.....##
#..####.##.....o@.).......
.........#................
.........#................
##...###+#.......>........
##...## ...#########......
.#....#.... ......
.'....#.... ...$..
.#....#... ..o. ##...##
...


You could see an orc warrior and an orc.

Vanquished Creatures
  Maggie (D:6)
  A steam dragon (D:7)
  Menkaure (D:7)
  Duvessa (D:6)
  A black bear (D:5)
  A sky beast (D:6)
  An ogre (D:4)
  A phantom (D:6)
  A centaur (D:5)
  3 kobold brigands
  A bullfrog (D:6)
  A gnoll sergeant (D:6)
  5 scorpions
  Dowan (D:6)
  An orc priest (D:7)
  A gnoll bouda (D:7)
  4 hounds
  2 iguanas
  2 sleepcaps
  6 orc wizards
  11 gnolls
  9 adders
  A shadow imp (D:6)
  A white imp (D:5)
  4 worms
  11 orcs
  9 ball pythons
  5 bats
  An endoplasm (D:2)
  7 giant cockroaches
  10 goblins
  7 hobgoblins
  4 jackals
  16 kobolds
  6 quokkas
  2 frilled lizards
  3 rats
143 creatures vanquished.

Notes
Turn   | Place    | Note
-------+----------+-------------------------------------------
     0 | D:5      | Alarkh the Demonspawn Delver began the quest for the Orb.
     0 | D:5      | Reached XP level 1. HP: 18/18 MP: 1/1
    57 | D:6      | Noticed Duvessa
    57 | D:6      | Noticed Dowan
    66 | D:5      | Noticed a scorpion
    89 | D:4      | Noticed a scorpion
   191 | D:3      | Reached skill level 2 in Unarmed Combat
   210 | D:3      | Identified the +4 scale mail of the Guild-Master {rElec}
   355 | D:2      | Gained mutation: You have a small tail. [demonic ancestry]
   355 | D:2      | Reached XP level 2. HP: 24/24 MP: 2/2
   414 | D:2      | Reached skill level 3 in Unarmed Combat
   430 | D:2      | Gained mutation: You regenerate a little health from kills.
                  | [demonic ancestry]
   430 | D:2      | Reached XP level 3. HP: 28/29 MP: 3/3
   791 | D:2      | Found a faded altar of an unknown god.
   905 | D:2      | Found a bloodstained altar of Trog.
  1169 | D:1      | Found Plog's Jewellery Boutique.
  1620 | D:1      | Gained mutation: Your movements are slightly less
                  | encumbered by armour. (ER -2) [demonic ancestry]
  1620 | D:1      | Reached XP level 4. HP: 35/35 MP: 4/4
  1714 | D:1      | Reached skill level 4 in Unarmed Combat
  2048 | D:4      | Noticed a scorpion
  2305 | D:3      | Gained mutation: You have a tail ending in a sharp stinger.
                  | [demonic ancestry]
  2305 | D:3      | Reached XP level 5. HP: 41/41 MP: 5/5
  2308 | D:3      | Found a hazy altar of Hepliaklqana.
  2356 | D:3      | Found a sparkling altar of Nemelex Xobeh.
  2808 | D:3      | Found a shimmering altar of Xom.
  2808 | D:3      | Found a sacrificial altar of Ru.
  2933 | D:3      | Reached skill level 5 in Unarmed Combat
  3132 | D:4      | Found a snail-covered altar of Cheibriados.
  3155 | D:4      | Noticed an ogre
  3172 | D:4      | Reached skill level 6 in Unarmed Combat
  3172 | D:4      | Gained mutation: A meltable shield of frost defends you.
                  | (SH +4) [demonic ancestry]
  3172 | D:4      | Reached XP level 6. HP: 47/47 MP: 6/6
  3176 | D:4      | HP: 2/47 [ogre/+0 giant spiked club (24)]
  3684 | D:4      | Reached skill level 7 in Unarmed Combat
  3735 | D:4      | Reached XP level 7. HP: 52/52 MP: 7/7
  4310 | D:5      | Reached skill level 8 in Unarmed Combat
  4621 | D:5      | Identified the +0 cloak of Lightning Storm {Rampage Int+3
                  | Dex+3}
  4941 | D:3      | Found a bloodstained altar of Trog.
  5009 | D:6      | Noticed Eustachio
  5094 | D:6      | Identified the +1 pair of gloves of Distant Worlds {Stlth+}
  5095 | D:6      | Noticed Maggie
  5162 | D:6      | Killed Dowan
  5163 | D:6      | Killed Duvessa
  5164 | D:6      | Gained mutation: Your movements are less encumbered by
                  | armour. (ER -4) [demonic ancestry]
  5164 | D:6      | Reached XP level 8. HP: 58/58 MP: 8/8
  5184 | D:6      | Reached skill level 9 in Unarmed Combat
  5517 | D:6      | Found a staircase to the Ecumenical Temple.
  5538 | Temple   | Entered the Ecumenical Temple
  5545 | Temple   | Became a worshipper of Uskayaw the Reveller
  5597 | D:6      | Reached * piety under Uskayaw
  5803 | D:6      | Reached ** piety under Uskayaw
  5805 | D:6      | Reached *** piety under Uskayaw
  5806 | D:6      | Killed Maggie
  5807 | D:6      | Reached skill level 10 in Unarmed Combat
  5894 | D:6      | Reached **** piety under Uskayaw
  6040 | D:7      | Found Bostra's Book Emporium.
  6056 | D:7      | Gained mutation: You regenerate health from kills. [demonic
                  | ancestry]
  6056 | D:7      | Reached XP level 9. HP: 34/65 MP: 11/11
  6195 | D:7      | Found Vigg's General Store.
  6203 | D:7      | Bought a scroll of identify for 24 gold pieces
  6275 | D:7      | Found Ramekac's Distillery.
  6285 | D:7      | Bought a potion of might for 52 gold pieces
  6285 | D:7      | Bought a potion of flight for 39 gold pieces
  6482 | D:7      | Noticed Menkaure
  6490 | D:7      | Killed Menkaure
  6587 | D:7      | Slain by an orc warrior

Illustrated notes

Levels and vault maps discovered:
D:1:      dpeg_arrival_simpleton_a, layout_loops_corners, serial_shops,
          nicolae_shop_hallway_plus
D:2:      layout_loops_ring, basic_ecumenical_altar, basic_altar
D:3:      layout_loops_ring, lemuel_round_altar, nicolae_overflow_hidden_temple,
          saegor_snake_ambush
D:4:      layout_basic, minmay_ruined_shrine
D:5:      layout_loops_ring
D:6:      layout_rooms, minmay_temple_entry_stoned_glass, minmay_crossroads,
          uniq_maggie, uniq_eustachio, uniq_duvessa
D:7:      layout_gridville, serial_shops, nicolae_shop_waterfront, shop,
          nicolae_shop_hallway_plus, nicolae_figureground_pulse, uniq_menkaure
Temple:   nicolae_temple_no_exploring_needed

Skill      XL: |  1  2  3  4  5  6  7  8  9 |
---------------+----------------------------+-----
Unarmed Combat | 2 3 4 6 7 8 10 | 10.8
Invocations    | 3 4 |  4.0
Fighting       | 4 |  4.4
Dodging        | |  1.7
Stealth        | |  4.5

Action                     |  1- 3 |  4- 6 |  7- 9 || total
---------------------------+-------+-------+-------++-------
  Melee: Unarmed           |   130 |   194 |   299 ||   623
         Punch             |     2 |     8 |    16 ||    26
         Tailslap          |    12 |    28 |    55 ||    95
    Use: Scroll            |     5 |     4 |     6 ||    15
         Potion            |     1 |     3 |     4 ||     8
   Stab: Sleeping          |     3 |     9 |     3 ||    15
         Distracted        |     1 |       |     1 ||     2
         Paralysed         |       |       |     8 ||     8
 Armour: Scale mail        |    76 |    73 |   148 ||   297
         Leather armour    |     2 |       |       ||     2
         Skin              |       |       |     4 ||     4
  Dodge: Dodged            |    73 |    78 |   108 ||   259
  Block: Other             |       |     8 |    34 ||    42
